 Dungeon Crawl Stone Soup version 0.30-a0-576-g89cddaab80 (webtiles) character file.

Game seed: 18176135474203472243

16244 demibob the Executioner (level 12, -27/103 HPs)
             Began as a Hill Orc Fighter on Dec 31, 2022.
             Annihilated by a satyr
             ... wielding a +0 quarterstaff
              (32 damage)
             ... on level 3 of the Abyss.
             The game lasted 00:21:39 (11720 turns).

demibob the Executioner (Hill Orc Fighter)         Turns: 11720, Time: 00:21:39

Health: -27/103    AC: 13    Str: 24    XL:     12   Next: 35%
Magic:  12/12      EV: 10    Int:  4    God:
Gold:   816        SH:  0    Dex: 10    Spells: 11/11 levels left

rFire   + + .      SeeInvis .    a - +0 broad axe (vamp)
rCold   . . .      Faith    .    (no shield)
rNeg    . . .      Spirit   .    r - +3 scale mail of Decavuung {Harm rElec rF++ Int-4}
rPois   +          Reflect  .    (no helmet)
rElec   +          Harm     +    w - scarf {repulsion}
rCorr   .          Rampage  .    (no gloves)
Will    .....                    l - +1 pair of boots Stlth
                                 (no amulet)
HPRegen 0.37/turn                P - ring of poison resistance
MPRegen 0.13/turn                (no ring)

@: about to teleport, repel missiles
A: no striking features
a: no special abilities


You were on level 3 of the Abyss.
You visited 2 branches of the dungeon, and saw 13 of its levels.
You visited the Abyss 1 time.
You also visited: Bailey.

You collected 816 gold pieces.


   Skills:
 + Level 8.8 Fighting
 + Level 21.8 Axes
 + Level 8.0 Armour
 - Level 3.2 Shields


You had 11 spell levels left.
You didn't know any spells.
Your spell library contained the following spells:

 Spells                   Type           Power      Damage    Failure   Level
 Kiss of Death            Conj/Necr      0%         2d5       77%         1
 Magic Dart               Conj           0%         1d3       77%         1
 Blink                    Tloc           0%         N/A       88%         2
 Call Imp                 Summ           0%         N/A       88%         2
 Momentum Strike          Conj/Tloc      0%         3d8       88%         2
 Searing Ray              Conj           0%         2d4       88%         2
 Confusing Touch          Hex            0%         N/A       98%         3
 Dazzling Flash           Conj/Hex       0%         N/A       98%         3
 Lesser Beckoning         Tloc           0%         N/A       98%         3
 Mephitic Cloud           Conj/Pois/Air  0%         N/A       98%         3
 Dispel Undead            Necr           0%         3d6       100%        4
 Fulminant Prism          Conj/Hex       0%         3d5       100%        4
 Iskenderun's Mystic Bla  Conj/Tloc      0%         2d3       100%        4
 Starburst                Conj/Fire      0%         6d3       100%        6

Inventory:

Hand Weapons
 a - a +0 vampiric broad axe (weapon)
 f - a +5 battleaxe of freezing
 k - a +1 demon whip of venom
 o - a +3 heavy executioner's axe
 M - the +6 longbow "With Two Names" {elec, +Blink}
   (You took it off a centaur warrior on level 10 of the Dungeon)

   Any ammunition fired from it occasionally discharges a powerful burst of
   electricity upon striking a foe.
   +Blink:    It lets you blink.
Missiles
 d - 2 throwing nets {=f}
 m - a curare-tipped dart (quivered) {=f}
 s - 30 poisoned darts
 B - 11 atropa-tipped darts
Armour
 b - a +0 scale mail
 l - a +1 pair of boots (worn)
 r - the +3 scale mail of Decavuung (worn) {Harm rElec rF++ Int-4}
   (You found it in a bailey)

   Int:       It affects your intelligence (-4).
   rF:        It greatly protects you from fire.
   rElec:     It insulates you from electricity.
   Harm:      It increases damage dealt and taken.
 w - a scarf of repulsion (worn)
Jewellery
 P - a ring of poison resistance (left hand)
Wands
 x - a wand of charming (17)
 C - a wand of iceblast (13)
 F - a wand of light (12)
 J - a wand of mindburst (2)
Scrolls
 q - 4 scrolls of enchant weapon
 t - a scroll of blinking
 v - 3 scrolls of enchant armour
 y - 2 scrolls of noise
 A - 3 scrolls of fog
 E - 2 scrolls of teleportation {@r2}
 K - 4 scrolls of poison
Potions
 c - 6 potions of curing {@q1}
 e - 2 potions of flight
 g - 3 potions of resistance
 h - 4 potions of degeneration {unknown}
 i - 3 potions of mutation
 j - 10 potions of lignification {unknown}
 n - 2 potions of attraction {unknown}
 p - 2 potions of invisibility {unknown}
 z - a potion of might
 D - 4 potions of brilliance
 G - a potion of magic {unknown}
 H - a potion of berserk rage {!q}

Dungeon Overview and Level Annotations

Branches:
Dungeon (12/15)            Temple (1/1) D:5            Lair (0/5) D:8
 Bailey (visited)
    Orc: D:9-12

Altars:
Ashenzari
Cheibriados
Dithmenos
Elyvilon
Fedhas
Gozag
Hepliaklqana
Kikubaaqudgha
Makhleb
Nemelex Xobeh
Okawaru
Qazlal
Ru
Sif Muna
Trog
Uskayaw
Vehumet
Wu Jian
Xom
Yredelemnul
Zin
The Shining One

Shops:
D:3 *   D:8 :   D:11 [

Annotations:
D:4 2 transporters
D:10 4 runed translucent doors
D:11 3 runed translucent doors, BitJockey's ghost, journeyman DECj
D:12 Erolcha
Abyss:3 2 runed translucent doors

▒▒ ▒c. ▒###
### ▒▒ .
▒@.▒ ▒▒▒. ▒
...▒#c░░#..
.▒
#..▓....▒▒
░ φ ░
.▒.#.▒.
▒#..#....
.....#▒.#.
.. ...▒▒ ▒.
▒▒ ++▒▒.▒
▒. ... ▒
▒.▒


You could see a satyr.


Message History

* * * LOW HITPOINT WARNING * * *
You are too injured to fight recklessly!
As you read the scroll of teleportation {@r2}, it crumbles to dust.
You feel strangely unstable.
You feel the power of the Abyss delaying your translocation!
The satyr shoots an arrow.
The arrow hits you.
* * * LOW HITPOINT WARNING * * *
You feel much better.
The satyr shoots an arrow.
The arrow hits you!
* * * LOW HITPOINT WARNING * * *
You hit the satyr. You freeze the satyr.
The satyr is lightly wounded.
You barely miss the satyr.
The satyr is lightly wounded.
The satyr shoots an arrow.
The arrow barely misses you.
You hit the satyr. You freeze the satyr.
The satyr is moderately wounded.
The satyr shoots an arrow.
The arrow hits you!
* * * LOW HITPOINT WARNING * * *
Your +5 battleaxe of freezing stops glowing.
You feel a sense of dread.
a - a +0 vampiric broad axe (weapon)
You closely miss the satyr.
The satyr is moderately wounded.
The satyr shoots an arrow.
The arrow hits you!!
* * * LOW HITPOINT WARNING * * *
You slash the satyr!
The satyr is heavily wounded.
The satyr unwields a +0 longbow.
The satyr wields a +0 quarterstaff.
The satyr hits you with a +0 quarterstaff!!
You die...

Skill      XL: |  1  2  3  4  5  6  7  8  9 10 11 12 |
---------------+-------------------------------------+-----
Axes           | 3 4 6 7 8 9 11 14 17 20 21 | 21.8
Fighting       | 7 8 |  8.8
Armour         | 6 8 |  8.0
Shields        | |  3.2

Action                   |  1- 3 |  4- 6 |  7- 9 | 10-12 || total
-------------------------+-------+-------+-------+-------++-------
Melee: War axe           |   110 |    77 |   262 |       ||   449
       Punch             |       |       |     2 |     5 ||     7
       Broad axe         |       |       |     5 |   510 ||   515
       Battleaxe         |       |       |       |     7 ||     7
Throw: Dart              |       |       |       |     2 ||     2
Evoke: Wand              |       |       |    15 |     5 ||    20
  Use: Scroll            |     2 |     3 |    10 |     9 ||    24
       Potion            |       |     1 |     9 |     4 ||    14
Armor: Scale mail        |    61 |    34 |    80 |   198 ||   373
Dodge: Dodged            |    51 |    41 |    89 |   209 ||   390
       Repelled          |       |       |       |     5 ||     5

Levels and vault maps discovered:
D:1:      minmay_arrival_solitary_statue, layout_loops_cross,
          shapermc_ecumenical_altar_petra
D:2:      kennysheep_six_static_rooms, layout_loops_ring, st_stairs_8,
          minmay_misc_feat_tiny, uniq_natasha
D:3:      layout_loops_ring, serial_shops, shop
D:4:      gammafunk_cloud_chamber, layout_loops_ring,
          minmay_overflow_temple_star_hex, uniq_menkaure
D:5:      layout_loops_ring, overflow_temple_1_default, lemuel_doored_altar,
          minmay_temple_entry_arrows, uniq_pikel, uniq_eustachio
D:6:      layout_loops_corners, uniq_blork_the_orc
D:7:      layout_loops_ring, nicolae_gozag_cash_rules_everything_around_me,
          mainiacjoe_overflow_alcove_3, enter_bailey_1, minmay_hedge_maze,
          nrook_mini_backslash, uniq_duvessa
D:8:      layout_rooms, mainiacjoe_overflow_cross_hatched, dpeg_oklobed_lair,
          nicolae_shop_vocational, uniq_amaemon, uniq_psyche
D:9:      layout_rooms, mainiacjoe_overflow_alcove_4, marbit_many_paths,
          hangedman_decor_lopped, kennysheep_boxes
D:10:     layout_basic, minmay_hollow_rounded_squares
D:11:     layout_irregular_city, gammafunk_ghost_necromancy,
          portal_ice_cave_rime, serial_co_window_serial, co_window_corner_a,
          co_window_cross_1, co_window_cross_1, co_window_paths_a,
          co_window_of_opportunity_a, co_window_unsneaky_path_e,
          co_window_broadway_c, co_window_corner_b, co_window_4corner_a,
          glass_columns_b, glass_columns_a, glass_columns_c, glass_columns_a,
          serial_shops, nicolae_shop_hallway_stairs
D:12:     layout_gridville, hiddenorc1_lemuel, cheibriados_altar_2,
          uniq_josephine, uniq_erolcha
Temple:   hellmonk_temple_of_storms
Abyss:3:  base: D:10, evilmike_abyss_exit_kraken,
          hangedman_abyss_or_decor_lesser_grid, bh_abyss_xom_lugonu_altar,
          hangedman_decor_riveting, nicolae_abyss_rune_left_handed

Notes
Turn   | Place    | Note
-------+----------+-------------------------------------------
     0 | D:1      | demibob the Hill Orc Fighter began the quest for the Orb.
     0 | D:1      | Reached XP level 1. HP: 19/19 MP: 1/1
    40 | D:1      | Reached skill level 3 in Axes
   134 | D:1      | Reached XP level 2. HP: 26/26 MP: 2/2
   153 | D:1      | Reached skill level 4 in Axes
   254 | D:1      | Found a faded altar of an unknown god.
   494 | D:1      | Reached XP level 3. HP: 31/31 MP: 3/3
   949 | D:2      | Reached skill level 5 in Axes
  1225 | D:2      | Noticed Natasha
  1230 | D:2      | Killed Natasha
  1231 | D:2      | Reached skill level 6 in Axes
  1231 | D:2      | Reached XP level 4. HP: 39/39 MP: 4/4
  1439 | D:3      | Noticed a bullfrog
  1444 | D:3      | Killed a bullfrog
  1445 | D:3      | Reached skill level 7 in Axes
  1445 | D:3      | Reached XP level 5. HP: 41/45 MP: 5/5
  1599 | D:3      | Found Qanajetie's General Store.
  1698 | D:3      | You fall into a shaft and drop 3 floors!
  1875 | D:5      | Entered Level 5 of the Dungeon
  1887 | D:5      | Reached skill level 8 in Axes
  1887 | D:5      | Reached XP level 6. HP: 50/51 MP: 6/6
  1961 | D:5      | Reached skill level 9 in Axes
  1961 | D:5      | Found a radiant altar of Vehumet.
  1981 | D:5      | Reached XP level 7. HP: 47/57 MP: 7/7
  2231 | D:4      | Found a transporter.
  2704 | D:4      | Noticed Menkaure
  2719 | D:4      | Killed Menkaure
  2720 | D:4      | Reached skill level 10 in Axes
  2809 | D:4      | Found a transporter.
  2878 | D:4      | Found a shimmering blue altar of Sif Muna.
  2886 | D:4      | Found an iron altar of Okawaru.
  2886 | D:4      | Found a stormy altar of Qazlal.
  2897 | D:4      | Found a hide-covered altar of Uskayaw.
  2900 | D:4      | Found a hazy altar of Hepliaklqana.
  3326 | D:4      | Reached skill level 11 in Axes
  3534 | D:5      | Noticed Eustachio
  3585 | D:5      | Killed Eustachio
  3586 | D:5      | Reached XP level 8. HP: 36/64 MP: 8/8
  3733 | D:5      | Reached skill level 12 in Axes
  3809 | D:5      | Noticed Pikel
  3817 | D:5      | Killed Pikel
  3818 | D:5      | Reached skill level 13 in Axes
  3977 | D:5      | Found a broken altar of Ashenzari.
  4012 | D:5      | Reached skill level 14 in Axes
  4074 | D:5      | Found a staircase to the Ecumenical Temple.
  4096 | D:5      | Reached XP level 9. HP: 61/70 MP: 9/9
  4370 | Temple   | Entered the Ecumenical Temple
  4470 | D:6      | Noticed Blork the orc
  4481 | D:6      | Killed Blork the orc
  4731 | D:6      | Reached skill level 15 in Axes
  5379 | D:7      | Found a flagged portal.
  5384 | Bailey   | Entered a bailey
  5389 | Bailey   | Noticed an orc warlord
  5642 | Bailey   | Found a runed translucent gate.
  5644 | Bailey   | Found a runed translucent gate.
  5645 | Bailey   | Found a runed translucent gate.
  5672 | Bailey   | Reached skill level 16 in Axes
  5964 | Bailey   | Killed an orc warlord
  5965 | Bailey   | Reached skill level 17 in Axes
  5965 | Bailey   | Reached XP level 10. HP: 63/77 MP: 10/10
  6043 | Bailey   | Identified the +3 scale mail of Decavuung {Harm rElec rF++
                  | Int-4}
  6056 | Bailey   | Acquired a +3 heavy executioner's axe
  6270 | D:7      | Reached skill level 18 in Axes
  6454 | D:7      | Noticed Duvessa
  6466 | D:7      | Killed Duvessa
  6511 | D:7      | Noticed Dowan
  6536 | D:7      | Killed Dowan
  6574 | D:7      | Found a white marble altar of Elyvilon.
  6575 | D:7      | Found a glowing golden altar of the Shining One.
  6576 | D:7      | Found a shadowy altar of Dithmenos.
  6577 | D:7      | Found a sparkling altar of Nemelex Xobeh.
  6612 | D:7      | Found an opulent altar of Gozag.
  6893 | D:8      | Found a staircase to the Lair.
  7073 | D:8      | Noticed an orange demon
  7073 | D:8      | Noticed Amaemon
  7084 | D:7      | Killed an orange demon
  7131 | D:8      | Killed Amaemon
  7132 | D:8      | Reached skill level 19 in Axes
  7168 | D:8      | Noticed Psyche
  7191 | D:8      | Noticed a two-headed ogre
  7195 | D:8      | Killed Psyche
  7202 | D:8      | Killed a two-headed ogre
  7203 | D:8      | Reached skill level 20 in Axes
  7325 | D:8      | Reached XP level 11. HP: 68/82 MP: 11/11
  7437 | D:8      | Reached skill level 4 in Fighting
  7608 | D:8      | Found an ancient bone altar of Kikubaaqudgha.
  7703 | D:8      | Found Hockeij's Vocational Training.
  7885 | D:9      | Reached skill level 4 in Armour
  8286 | D:9      | Found a blossoming altar of Fedhas.
  8388 | D:9      | Found a basalt altar of Yredelemnul.
  8652 | D:10     | Entered Level 10 of the Dungeon
  8683 | D:10     | Reached skill level 5 in Fighting
  8763 | D:10     | Reached skill level 5 in Armour
  9191 | D:10     | Found a large runed translucent door.
  9191 | D:10     | Found a large runed translucent door.
  9194 | D:10     | Noticed a purple ugly thing
  9194 | D:10     | Noticed a seven-headed hydra
  9205 | D:10     | Found a large runed translucent door.
  9205 | D:10     | Found a large runed translucent door.
  9239 | D:10     | Identified the +1 leather armour of the Lumpy Moons {rF+
                  | Slay+3}
  9384 | D:10     | Reached skill level 6 in Fighting
  9391 | D:10     | Identified the +6 longbow "With Two Names" {elec, +Blink}
  9391 | D:10     | Noticed a centaur warrior
  9392 | D:10     | Reached skill level 21 in Axes
  9399 | D:10     | Killed a centaur warrior
  9722 | D:10     | Noticed an orc knight
  9737 | D:10     | Killed an orc knight
  9738 | D:10     | Reached skill level 6 in Armour
 10071 | D:11     | Found Deoqaolu's Armour Boutique.
 10139 | D:11     | Reached skill level 7 in Fighting
 10266 | D:11     | Noticed a boulder beetle
 10280 | D:11     | Killed a boulder beetle
 10316 | D:11     | Found a runed translucent gate.
 10316 | D:11     | Found a runed translucent gate.
 10316 | D:11     | Found a runed translucent gate.
 10349 | D:11     | Noticed a cyclops
 10360 | D:11     | Killed a cyclops
 10361 | D:11     | Reached XP level 12. HP: 101/101 MP: 12/12
 10366 | D:11     | Reached skill level 7 in Armour
 10409 | D:11     | Found a frozen archway.
 10800 | D:11     | Reached skill level 8 in Fighting
 11296 | D:11     | Noticed BitJockey's ghost (journeyman DECj)
 11549 | D:12     | Noticed Erolcha
 11590 | D:12     | You are cast into the Abyss!
 11590 | Abyss:2  | Cast into level 2 of the Abyss (Erolcha)
 11636 | Abyss:3  | Reached skill level 8 in Armour
 11660 | Abyss:3  | Noticed a tentacled starspawn
 11681 | Abyss:3  | Noticed a white draconian
 11698 | Abyss:3  | Found a large runed translucent door.
 11699 | Abyss:3  | Found a large runed translucent door.
 11703 | Abyss:3  | Noticed a satyr
 11719 | Abyss:3  | HP: 5/103 [satyr/arrow (36)]
 11720 | Abyss:3  | Annihilated by a satyr

Vanquished Creatures
  An orc warlord (Bailey)
  A boulder beetle (D:11)
  A centaur warrior (D:10)
  A two-headed ogre (D:8)
  Amaemon (D:8)
  A sixfirhy (Abyss:3)
  Pikel (D:5)
  An orc knight (D:10)
  A harpy (shapeshifter) (Abyss:3)
  A cyclops (D:11)
  An orange demon (D:7)
  Psyche (D:8)
  2 rime drakes (D:11)
  3 trolls
  2 hornets
  4 slime creatures (D:12)
  3 wraiths (D:12)
  3 shadows
  A wyvern (D:8)
  5 yaks (D:10)
  Eustachio (D:5)
  3 vampire mosquitoes (D:11)
  3 steam dragons
  Menkaure (D:4)
  3 water moccasins
  Duvessa (D:7)
  An ice beast (D:6)
  5 orc warriors
  A black bear (D:6)
  2 ogres
  3 centaurs
  2 phantoms (D:5)
  3 lemures (D:5)
  Blork the orc (D:6)
  3 kobold brigands
  3 bullfrogs
  A necrophage (D:5)
  A scorpion (D:7)
  4 gnoll sergeants
  9 wights (D:8)
  Dowan (D:7)
  13 killer bees
  3 jellies
  7 howler monkeys
  3 lava snakes (D:9)
  A gnoll bouda (D:7)
  3 hounds (D:5)
  An iguana (D:6)
  7 orc wizards
  Natasha (D:2)
  5 adders
  30 gnolls
  A shadow imp (D:7)
  5 worms
  A dart slug (D:2)
  27 orcs
  5 ball pythons
  9 endoplasms
  3 giant cockroaches
  6 goblins
  13 hobgoblins
  2 jackals (D:5)
  35 kobolds
  3 quokkas
  5 bats
  4 frilled lizards
  6 rats
286 creatures vanquished.

Vanquished Creatures (others)
  A rime drake (D:8)
  5 plants (D:8)
  3 starspawn tentacles (Abyss:3)
9 creatures vanquished.

Grand Total: 295 creatures vanquished

Table legend: (Time is in decaauts)
 A = Elapsed time spent in this place.
 B = Non-inter-level travel time spent in this place.
 C = Inter-level travel time spent in this place.
 D = Time resting spent in this place.
 E = Time spent auto-exploring this place.
 F = Levels seen in this place.
 G = Mean time per level.
                   A        B        C        D        E       F      G
               +--------+--------+--------+--------+--------+-----+--------+
         Total |  11577 |  11213 |    364 |   1734 |   7406 |  16 |  723.6 |
       Dungeon |  10679 |  10323 |    356 |   1373 |   7226 |  12 |  889.9 |
        Temple |     40 |     33 |      7 |      0 |     28 |   1 |   40.0 |
         Abyss |    122 |    122 |      0 |      5 |      0 |   2 |   61.0 |
        Bailey |    734 |    734 |      0 |    355 |    152 |   1 |  734.0 |
               +--------+--------+--------+--------+--------+-----+--------+

Top non-repeatable levels by time:
    D:10: 1376 daAuts
    D:11: 1225 daAuts
     D:4: 1073 daAuts
     D:5: 1052 daAuts
     D:6: 1036 daAuts
     D:8: 900 daAuts
     D:7: 832 daAuts
     D:1: 765 daAuts
     D:9: 763 daAuts
  Bailey: 734 daAuts
     D:2: 699 daAuts
     D:3: 667 daAuts
    D:12: 285 daAuts
 Abyss:3: 113 daAuts
  Temple: 40 daAuts

Table legend:
 A = Non-vault XP
 B = Vault XP
 C = Vault XP percentage of total XP
 D = Non-vault monster count
 E = Vault monster count
 F = Vault count percentage of total count
                 A         B        C        D         E       F
            +---------+---------+-------+---------+---------+-------
      Total |   14995 |    8211 |  35.4 |     228 |      56 |  19.7
            +---------+---------+-------+---------+---------+-------
        D:1 |      41 |       0 |   0.0 |      24 |       0 |   0.0
        D:2 |      29 |      50 |  63.3 |      15 |       8 |  34.8
        D:3 |     186 |       0 |   0.0 |      13 |       0 |   0.0
        D:4 |     229 |     172 |  42.9 |      16 |       1 |   5.9
        D:5 |     894 |     869 |  49.3 |      29 |       2 |   6.5
        D:6 |     505 |     100 |  16.5 |       7 |       1 |  12.5
        D:7 |     737 |     665 |  47.4 |      20 |       3 |  13.0
        D:8 |    2646 |    1167 |  30.6 |      20 |       2 |   9.1
        D:9 |    1142 |      83 |   6.8 |      34 |       1 |   2.9
       D:10 |    2146 |    2623 |  55.0 |      27 |       7 |  20.6
       D:11 |    3027 |     758 |  20.0 |      13 |       2 |  13.3
       D:12 |    2012 |      30 |   1.5 |       8 |      10 |  55.6
    Abyss:3 |    1401 |       0 |   0.0 |       2 |       0 |   0.0
     Bailey |       0 |    1694 | 100.0 |       0 |      19 | 100.0
            +---------+---------+-------+---------+---------+-------
